 Dungeon Crawl Stone Soup version 0.27-a0-13-g87abb2d9eb (webtiles) character file.

Game seed: 898775523881039316

71 raph the Ruffian (level 4, -2/36 HPs)
             Began as a Draconian Transmuter on Jan 2, 2021.
             Slain by Sigmund
             ... wielding a +1 vampiric scythe
              (8 damage)
             ... on level 3 of the Dungeon.
             The game lasted 00:03:59 (3018 turns).

raph the Ruffian (Draconian Transmuter)             Turns: 3018, Time: 00:04:00

Health: -2/36      AC:  5    Str: 12    XL:     4   Next: 5%
Magic:  5/7        EV: 12    Int: 15    God:
Gold:   168        SH:  0    Dex: 11    Spells: 4/7 levels left

rFire    . . .     SeeInvis .     - Unarmed
rCold    . . .     Faith    .   (no shield)
rNeg     . . .     Spirit   .   (armour unavailable)
rPois    .         Reflect  .   (helmet restricted)
rElec    .         Harm     .   (no cloak)
rCorr    .         Rampage  .   (no gloves)
Will     .....                  (no boots)
Stlth    +.........             (no amulet)
HPRegen  0.12/turn              (no ring)
MPRegen  0.10/turn              (no ring)

@: wereblooded (expiring), flying, hasted, very quick
A: unfitting armour, cold-blooded, AC +5
a: no special abilities


You were on level 3 of the Dungeon.
You visited 1 branch of the dungeon, and saw 3 of its levels.

You collected 168 gold pieces.

Inventory:

Missiles
 d - 8 curare-tipped darts (quivered)
 i - 18 poisoned darts
Scrolls
 e - 2 scrolls of remove curse
 g - 2 scrolls of teleportation
 h - 2 scrolls of enchant armour {unknown}
Potions
 a - 2 potions of curing
 c - a potion of mutation
 f - a potion of haste


   Skills:
 + Level 2.0 Fighting
 + Level 2.2 Dodging
 + Level 3.4 Unarmed Combat
 + Level 2.4 Spellcasting
 * Level 2.9 Transmutations


You had 4 spell levels left.
You knew the following spells:

 Your Spells              Type           Power        Failure   Level
a - Beastly Appendage     Tmut           20%          6%          1
b - Wereblood             Tmut           10%          10%         2

Your spell library contained the following spells:

 Spells                   Type           Power        Failure   Level
 Spider Form              Tmut/Pois      3%           34%         3
 Ice Form                 Ice/Tmut       6%           75%         4
 Blade Hands              Tmut           5%           87%         5


Dungeon Overview and Level Annotations

Branches:
Dungeon (3/15)

Altars:
Vehumet

Annotations:
D:3 Sigmund


Innate Abilities, Weirdness & Mutations

Your plain brown scales are hard. (AC +5)
You cannot fit into any form of body armour.
You are cold-blooded and may be slowed by cold attacks.


Message History

You are no longer poisoned.
Sigmund closely misses you.
You barely miss Sigmund.
Sigmund is heavily wounded.
You hit Sigmund. You tail-slap Sigmund.
Sigmund is severely wounded.
Sigmund gestures at you while chanting. The magic dart hits you!
* * * LOW HITPOINT WARNING * * *
It was a potion of flight.
You feel very buoyant.
You fly up into the air.
Sigmund hits you with a +1 vampiric scythe.
* * * LOW HITPOINT WARNING * * *
Sigmund draws strength from your wounds!
It was a potion of haste.
You feel yourself speed up.
You hit Sigmund.
Sigmund is severely wounded.
Sigmund hits you with a +1 vampiric scythe!
You die...

....# #<#.#######..#
....# #............#
..#.#####.#######..#
..#..# #.# #..#
###..####.# ##.#
#.......# #.#
###.###.# #.# #.#
#.# ######.# #.# #.#
#..@@..# #.# #.#
#.###### #.# #.# #.
#.. #.# #. ##. .# #.
#@ #. #. ####


You could see Sigmund.

Vanquished Creatures
  3 adders
  An orc (D:3)
  2 giant cockroaches
  5 goblins
  4 hobgoblins
  4 jackals (D:3)
  4 ball pythons
  2 bats
  3 frilled lizards
  7 kobolds
  7 rats
42 creatures vanquished.

Notes
Turn   | Place    | Note
-------+----------+-------------------------------------------
     0 | D:1      | raph the Draconian Transmuter began the quest for the Orb.
     0 | D:1      | Reached XP level 1. HP: 16/16 MP: 3/3
   212 | D:1      | Reached XP level 2. HP: 23/23 MP: 3/5
   960 | D:2      | Learned a level 2 spell: Wereblood
   993 | D:2      | Found a faded altar of an unknown god.
  1040 | D:2      | Found a radiant altar of Vehumet.
  1072 | D:2      | Reached XP level 3. HP: 13/28 MP: 6/6
  2987 | D:3      | Noticed Sigmund
  3003 | D:3      | Reached XP level 4. HP: 22/36 MP: 4/7
  3018 | D:3      | Slain by Sigmund

Illustrated notes

Levels and vault maps discovered:
D:1:      psy_arrival_spokes, layout_basic, serial_forest,
          infiniplex_forest_clump_small, infiniplex_forest_lined_3_way,
          infiniplex_forest_end_double, infiniplex_forest_diagonal,
          infiniplex_forest_lined_corner, infiniplex_forest_zigzag_2
D:2:      layout_basic, nicolae_overflow_crystal_walls,
          chequers_ecumenical_altar_twisty
D:3:      layout_basic, nicolae_overflow_hidden_temple, uniq_sigmund

Skill      XL: |  1  2  3 |
---------------+----------+-----
Dodging        | 2 |  2.2
Fighting       | 2 |  2.0
Unarmed Combat | |  3.4
Spellcasting   | |  2.4
Transmutations | |  2.9

Action                   |  1- 3 |  4- 6 || total
-------------------------+-------+-------++-------
Melee: Unarmed           |   128 |    13 ||   141
       Headbutt          |    11 |       ||    11
       Kick              |    13 |     1 ||    14
       Tailslap          |    10 |     1 ||    11
       Punch             |     1 |       ||     1
 Cast: Beastly Appendage |    24 |       ||    24
       Wereblood         |     2 |       ||     2
  Use: Scroll            |     5 |       ||     5
       Potion            |     1 |     2 ||     3
Armor: Skin              |    19 |       ||    19
Dodge: Dodged            |    98 |     6 ||   104

Table legend: (Time is in decaauts)
 A = Elapsed time spent in this place.
 B = Non-inter-level travel time spent in this place.
 C = Inter-level travel time spent in this place.
 D = Time resting spent in this place.
 E = Time spent auto-exploring this place.
 F = Levels seen in this place.
 G = Mean time per level.
                   A        B        C        D        E       F      G
               +--------+--------+--------+--------+--------+-----+--------+
         Total |   3014 |   2948 |     66 |    821 |   1772 |   3 | 1004.7 |
       Dungeon |   3014 |   2948 |     66 |    821 |   1772 |   3 | 1004.7 |
               +--------+--------+--------+--------+--------+-----+--------+

Top non-repeatable levels by time:
     D:2: 1327 daAuts
     D:1: 909 daAuts
     D:3: 776 daAuts
